 Dungeon Crawl Stone Soup version 0.31-a0-1159-g800acc2fd1 (webtiles) character file.

Game seed: 5673856556475859593

1435 GordonOverkill the Sneak (level 8, -16/35 (42) HPs)
             Began as a Spriggan Delver on Dec 8, 2023.
             Killed by divine providence
             ... invoked by Jeremiah
              (17 damage)
             ... on level 7 of the Dungeon.
             The game lasted 00:13:55 (2732 turns).

GordonOverkill the Sneak (Spriggan Delver)          Turns: 2732, Time: 00:13:56

HP:   -16/35 (42)   AC:  4    Str:  8    XL:     8   Next: 45%
MP:   16/16         EV: 17    Int: 14    God:
Gold: 172           SH:  0    Dex: 16    Spells: 17/17 levels left

rFire   . . .        u - +0 rapier
rCold   + . .        (no shield)
rNeg    . . .        b - +0 robe
rPois   .            (helmet restricted)
rElec   .            j - +1 cloak {rCorr}
rCorr   +            (gloves unavailable)
SInv    +            (boots unavailable)
Will    +....        (no amulet)
Stlth   ++++         o - ring of protection from cold
HPRegen 0.25/turn    (no ring)
MPRegen 0.15/turn

%: no passive effects
@: heavily drained, very quick
A: very small, no large weapons, unfitting armour, see invisible, speed 3
a: no special abilities


You were on level 7 of the Dungeon.
You visited 1 branch of the dungeon, and saw 5 of its levels.

You collected 172 gold pieces.

Inventory:

Hand Weapons
 u - a +0 rapier (weapon)
Armour
 b - a +0 robe (worn)
 j - a +1 cloak of preservation (worn)
Jewellery
 o - a ring of protection from cold (left hand)
Wands
 g - a wand of digging (3)
 k - a wand of paralysis (1)
 n - a wand of mindburst (6)
 t - a wand of flame (5)
Scrolls
 c - a scroll of fog
 d - 2 scrolls of revelation
 e - a scroll of fear
 i - a scroll of teleportation {unknown}
 l - a scroll of noise {unknown}
 m - a scroll of identify {unknown}
 p - a scroll of poison {unknown}
 r - a scroll of immolation {unknown}
Potions
 a - a potion of heal wounds {unknown}
 f - a potion of haste
 h - a potion of lignification {unknown}
 q - a potion of invisibility {unknown}
 s - a potion of enlightenment {unknown}
 v - a potion of ambrosia {unknown}


   Skills:
 - Level 4.0 Fighting
 + Level 4.7 Short Blades
 - Level 2.6 Dodging
 - Level 7.2 Stealth
 - Level 5.0 Spellcasting
 - Level 5.0 Conjurations
 - Level 5.0 Evocations


You had 17 spell levels left.
You didn't know any spells.
Your spell library contained the following spells:

 Spells                   Type           Power      Damage    Failure   Level
 Summon Guardian Golem    Hex/Summ       3%         N/A       45%         3
 Orb of Destruction       Conj           8%         9d6       100%        7
 Spellforged Servitor     Conj/Summ      5%         N/A       100%        7


Dungeon Overview and Level Annotations

Branches:
Dungeon (8/15)
 Temple: D:4-7         Lair: D:8-11

Altars:
Elyvilon
Fedhas
Makhleb
Sif Muna
Xom
Zin

Shops:
D:5 !

Annotations:
D:7 Jeremiah


Innate Abilities, Weirdness & Mutations

You are very small and have problems with some larger weapons.
You are too small for most types of armour.
You have supernaturally acute eyesight. (SInv)
You cover ground extremely quickly. (Speed+++)


Message History

The butterfly disappears in a burst of colours!
Jeremiah throws their arms up pleadingly.
Something smites you!
* * * LOW HITPOINT WARNING * * *
The butterfly disappears in a burst of colours!
Jeremiah yawns.
Jeremiah hops!
There is a stone staircase leading up here.
Jeremiah hits you with a +3 trident of draining!
* * * LOW HITPOINT WARNING * * *
You feel drained.
* * * LOW HITPOINT WARNING * * *
You climb upwards.
The butterfly disappears in a burst of colours! x11
There is a stone staircase leading down here.
Aiming: Paralyse
Press: ? - help, Shift-Dir - straight line, f - Jeremiah
Aim: Jeremiah, wielding a +3 trident of draining, wearing a +0 robe and wearing an orb of energy (chance to affect: 44%) Jeremiah resists with some effort.
Jeremiah hits you with a +3 trident of draining!
* * * LOW HITPOINT WARNING * * *
You feel drained.
Okay, then.
Aiming: Paralyse
Press: ? - help, Shift-Dir - straight line, f/p - Jeremiah
Aim: Jeremiah, wielding a +3 trident of draining, wearing a +0 robe and wearing an orb of energy (chance to affect: 44%) Jeremiah resists with some effort.
Jeremiah hits you with a +3 trident of draining!
* * * LOW HITPOINT WARNING * * *
You feel drained.
* * * LOW HITPOINT WARNING * * *
Unknown command.
Aiming: Paralyse
Press: ? - help, Shift-Dir - straight line, f/p - Jeremiah
Aim: Jeremiah, wielding a +3 trident of draining, wearing a +0 robe and wearing an orb of energy (chance to affect: 44%) Jeremiah resists with some effort.
Jeremiah throws their arms up pleadingly.
Something smites you!
You die...
Jeremiah asks, "What happened?
Did... did you die?"

#.. ### # ## ###### g. #
##### #.....
###.#########...###.####
#.............[..##.....
#
#.#.########..........##
#y##..bbbF@#
#.....##.#.##
#y......##b#
##...###.....
.##.##.##b# ##### #†##.#
# #....##.# ### ##.....
#.##.##.##.#.. ..#
#...... #.......##.#..
#.##.#.#..
####.......#.. #.#.#.#..
####.####.. #........
#.# ..## ##.#.#..##


You could see Jeremiah.

Vanquished Creatures
  Sigmund (D:5)
  Eustachio (D:6)
  A water moccasin (D:6)
  2 sky beasts (D:7)
  3 ogres
  2 bullfrogs
  A scorpion (D:6)
  3 wights
  A killer bee (D:7)
  A hound (D:5)
  A jelly (D:7)
  3 iguanas
  2 adders (D:6)
  A shadow imp (D:6)
  4 ufetubi
  5 orcs
  An endoplasm (D:4)
  4 jackals (D:4)
  A quokka (D:5)
  A ball python (D:4)
39 creatures vanquished.

Notes
Turn   | Place    | Note
-------+----------+-------------------------------------------
     0 | D:5      | GordonOverkill the Spriggan Delver began the quest for the
                  | Orb.
     0 | D:5      | Reached XP level 1. HP: 11/11 MP: 2/2
     1 | D:6      | Noticed Eustachio
     5 | D:6      | Noticed a hound
     6 | D:6      | Noticed an ogre
    26 | D:5      | Found a shimmering altar of Xom.
    77 | D:5      | Noticed a hound
    84 | D:5      | Killed a hound
    85 | D:5      | Reached XP level 2. HP: 16/16 MP: 2/4
   118 | D:5      | Noticed a black bear
   169 | D:5      | Noticed an angel
   171 | D:5      | Found a glowing silver altar of Zin.
   268 | D:5      | Reached skill level 1 in Spellcasting
   268 | D:5      | Reached XP level 3. HP: 16/20 MP: 5/5
   341 | D:5      | Noticed an ogre
   443 | D:7      | Noticed a sky beast
   459 | D:7      | Killed a sky beast
   460 | D:7      | Reached XP level 4. HP: 8/24 MP: 7/9
   460 | D:7      | Reached XP level 5. HP: 9/28 MP: 7/10
   546 | D:7      | Found a shimmering blue altar of Sif Muna.
   771 | D:5      | Found Irphesuos's Distillery.
   790 | D:5      | Killed an ogre
   876 | D:5      | Noticed an ogre
   877 | D:5      | Reached skill level 1 in Evocations
   877 | D:5      | Noticed Sigmund
   899 | D:5      | Killed Sigmund
   900 | D:5      | Reached XP level 6. HP: 32/32 MP: 11/11
   915 | D:5      | Reached skill level 5 in Evocations
   938 | D:5      | Found a burning altar of Makhleb.
   975 | D:5      | Reached XP level 7. HP: 36/36 MP: 13/13
  1215 | D:6      | Reached skill level 5 in Spellcasting
  1259 | D:6      | Found a blossoming altar of Fedhas.
  1447 | D:6      | Killed Eustachio
  1667 | D:7      | Reached XP level 8. HP: 42/42 MP: 16/16
  1930 | D:8      | Found a white marble altar of Elyvilon.
  2019 | D:7      | Reached skill level 5 in Conjurations
  2167 | D:8      | Noticed Jeremiah
  2731 | D:7      | HP: 1/35 [Jeremiah/+3 trident of draining (1)]
  2732 | D:7      | Killed from afar by Jeremiah

Illustrated notes

Levels and vault maps discovered:
D:4:      layout_basic, nzn_wu_jian_council_hall, minmay_temple_entry_hall
D:5:      minmay_clustersquares, layout_basic,
          grunt_temple_overflow_order_and_chaos_1, bloody_makhleb,
          gammafunk_ghost_cemetery, serial_shops,
          nicolae_shop_industrial_runoff, uniq_sigmund
D:6:      layout_rooms, mainiacjoe_overflow_six_doors_small,
          minmay_misc_feat_chi, uniq_eustachio
D:7:      layout_loops_cross, nicolae_sif_muna_condensation, kennysheep_doodads
D:8:      layout_basic, nicolae_elyvilon_peaceful_grove, minmay_quadrilaterals,
          uniq_jeremiah

Skill      XL: |  1  2  3  4  5  6  7  8 |
---------------+-------------------------+-----
Fighting       | 3 4 |  4.0
Short Blades   | 3 4 |  4.7
Spellcasting   | 1 3 5 |  5.0
Conjurations   | 2 3 4 5 |  5.0
Evocations     | 4 5 |  5.0
Dodging        | |  2.6
Stealth        | |  7.2

Action                     |  1- 3 |  4- 6 |  7- 9 || total
---------------------------+-------+-------+-------++-------
  Melee: Short sword       |    24 |    32 |    35 ||    91
         Rapier            |       |       |    66 ||    66
  Evoke: Wand              |       |     7 |    19 ||    26
   Stab: Sleeping          |     3 |     1 |     4 ||     8
         Paralysed         |       |     6 |     5 ||    11
 Armour: Robe              |     6 |    16 |    26 ||    48
  Dodge: Dodged            |    14 |    59 |    52 ||   125

Table legend: (Time is in decaauts)
 A = Elapsed time spent in this place.
 B = Non-inter-level travel time spent in this place.
 C = Inter-level travel time spent in this place.
 D = Time resting spent in this place.
 E = Time spent auto-exploring this place.
 F = Levels seen in this place.
 G = Mean time per level.
                   A        B        C        D        E       F      G
               +--------+--------+--------+--------+--------+-----+--------+
         Total |   2150 |   2075 |     75 |    954 |     98 |   5 |  430.0 |
       Dungeon |   2150 |   2075 |     75 |    954 |     98 |   5 |  430.0 |
               +--------+--------+--------+--------+--------+-----+--------+

Top non-repeatable levels by time:
     D:7: 1041 daAuts
     D:5: 510 daAuts
     D:6: 425 daAuts
     D:8: 128 daAuts
     D:4: 45 daAuts
